 Dungeon Crawl Stone Soup version 0.27.1-3-gb3d3a73c9e (webtiles) character file.

Game seed: 11964319588696462451

7 theEndsummarily the Grave Robber (level 1, 0/15 HPs)
             Began as a Deep Dwarf Necromancer on Oct 28, 2021.
             Slain by a kobold (4 damage)
             ... on level 1 of the Dungeon.
             The game lasted 00:03:07 (610 turns).

theEndsummarily the Grave Robber (DDNe)              Turns: 610, Time: 00:03:08

Health: 0/15       AC:  2    Str: 11    XL:     1   Next: 91%
Magic:  1/3        EV: 12    Int: 15    God:
Gold:   37         SH:  0    Dex: 13    Spells: 2/3 levels left

rFire    . . .     SeeInvis .   e - +0 whip
rCold    . . .     Faith    .   (no shield)
rNeg     . . .     Spirit   .   a - +0 robe
rPois    .         Reflect  .   (no helmet)
rElec    .         Harm     .   (no cloak)
rCorr    .         Rampage  .   (no gloves)
Will     .....                  (no boots)
Stlth    ++........             (no amulet)
HPRegen  0.00/turn              (no ring)
MPRegen  0.08/turn              (no ring)

@: no status effects
A: damage resistance, heal wounds, sense surroundings 1, no regeneration
a: Heal Wounds


You were on level 1 of the Dungeon.
You visited 1 branch of the dungeon, and saw 1 of its levels.

You collected 37 gold pieces.

Inventory:

Hand Weapons
 d - a +0 mace
 e - a +0 whip (weapon)
Armour
 a - a +0 robe (worn)
 b - a +0 ring mail
Scrolls
 c - a scroll of noise {unknown}
 f - a scroll of identify {unknown}
 g - a scroll of immolation {unknown}
 i - a scroll of teleportation {unknown}
Potions
 h - a potion of magic {unknown}


   Skills:
 + Level 0.0 Fighting
 + Level 2.3 Dodging
 + Level 2.7 Stealth
 + Level 1.9 Spellcasting
 + Level 4.5 Necromancy


You had 2 spell levels left.
You knew the following spells:

 Your Spells              Type           Power      Damage    Failure   Level
a - Pain                  Necr           56%        1d6       3%          1

Your spell library contained the following spells:

 Spells                   Type           Power      Damage    Failure   Level
 Animate Skeleton         Necr           28%        N/A       3%          1
 Vampiric Draining        Necr           7%         2d7       11%         3
 Animate Dead             Necr           7%         N/A       34%         4
 Agony                    Necr           14%        N/A       69%         5


Dungeon Overview and Level Annotations

Branches:
Dungeon (1/15)

Altars:


Innate Abilities, Weirdness & Mutations

You are resistant to damage.
You can heal yourself by infusing magical energy.
You passively map a small area around you.
You do not regenerate.


Message History

Casting: Pain (safe; 3% risk of failure)
Confirm with . or Enter, or press ? or * to list all spells.
Aiming: Pain (safe; 3% risk of failure)
Press: ? - help, Shift-Dir - straight line, f/p - hobgoblin
Aim: a hobgoblin (moderately wounded, chance to affect: 85%)
The hobgoblin barely resists.
The hobgoblin barely misses you.
Unknown command.
Casting: Pain (safe; 3% risk of failure)
Confirm with . or Enter, or press ? or * to list all spells.
You don't have enough magic to cast this spell.
The hobgoblin hits you.
The kobold throws a stone.
The stone barely misses you.
You barely miss the hobgoblin.
The hobgoblin hits you but does no damage.
You closely miss the hobgoblin. The hobgoblin hits you.
The kobold barely misses you.
You are too injured to fight recklessly!
Okay, then.
You barely miss the hobgoblin. The hobgoblin closely misses you.
The kobold barely misses you.
You barely miss the hobgoblin. The hobgoblin closely misses you.
The kobold closely misses you.
You hit the hobgoblin.
The hobgoblin is moderately wounded.
The hobgoblin barely misses you. The kobold closely misses you.
You closely miss the hobgoblin.
The hobgoblin is moderately wounded.
The hobgoblin hits you. The kobold hits you but does no damage.
You hit the hobgoblin.
The hobgoblin is severely wounded.
The hobgoblin barely misses you.
The kobold hits you with a +0 short sword.
* * * LOW HITPOINT WARNING * * *
You hit the hobgoblin but do no damage.
The hobgoblin is severely wounded.
The hobgoblin misses you. The kobold completely misses you.
You hit the hobgoblin.
You kill the hobgoblin!
The kobold hits you with a +0 short sword.
You die...

#.###.#####.#..#....#.##.## *
,#.###...........###.#.##.##
#...................#.##...
########..#####....#####.##...
#,#.........# ###### #.##...
#.#.######..# #.##... ..
#.......##############.##.##
.###.#.........K............#..#
................@.............##
###.#..############.........##
#..# ## #.........# ..g.#
#≈#*#.........# # ......# * *
#≈≈##.........###≈ .......K#
#≈≈≈#.........'≈#≈ ........+ ,
#≈≈≈≈≈≈......#≈≈# ........# ,
#≈≈≈≈≈≈≈≈≈≈≈.##≈# ......... ,
##≈≈≈≈≈≈≈≈≈≈≈##≈#


You could see a kobold.

Vanquished Creatures
  2 bats (D:1)
  An endoplasm (D:1)
  2 hobgoblins (D:1)
  A ball python (D:1)
  2 rats (D:1)
8 creatures vanquished.

Vanquished Creatures (others)
  A plant (D:1)
1 creature vanquished.

Grand Total: 9 creatures vanquished

Notes
Turn   | Place    | Note
-------+----------+-------------------------------------------
     0 | D:1      | theEndsummarily the Deep Dwarf Necromancer began the quest
                  | for the Orb.
     0 | D:1      | Reached XP level 1. HP: 15/15 MP: 3/3
   610 | D:1      | Slain by a kobold

Illustrated notes

Levels and vault maps discovered:
D:1:      lemuel_arrival_river_passageway, layout_basic,
          shapermc_ecumenical_altar_acropolis

Action                   || total
-------------------------++-------
Melee: Whip              ||    18
 Cast: Pain              ||    11
 Stab: Sleeping          ||     2
Armor: Robe              ||     5
Dodge: Dodged            ||    17
